 Dungeon Crawl Stone Soup version 0.16-a0-2675-g216447c (console) character file.

211 utis the Digger (level 5, -5/28 HPs)
             Began as a Deep Elf Earth Elementalist on Nov 24, 2014.
             Slain by an orc priest
             ... wielding a +0 flail
              (11 damage)
             ... on level 3 of the Dungeon.
             The game lasted 00:08:58 (3810 turns).

utis the Digger (Deep Elf Earth Elementalist)       Turns: 3810, Time: 00:08:59

Health: -5/28      AC:  4    Str:  6    XL:     5   Next: 57%
Magic:  5/16       EV: 11    Int: 20    God:
Gold:   166        SH:  0    Dex: 15    Spells: 3 memorised, 4 levels left

rFire  . . .     SeeInvis .     b - 16 stones {=f}
rCold  . . .     Clarity  .     j - +0 leather armour
rNeg   . . .     SustAb   .     (no shield)
rPois  .         Gourm    .     (no helmet)
rElec  .         Spirit   .     (no cloak)
rCorr  .         Warding  .     w - +0 pair of gloves
rMut   .         Stasis   .     (no boots)
MR     .....                    (no amulet)
Stlth  ++........               (no ring)
                                q - +1 ring of evasion

@: not resistant to hostile enchantments, unstealthy
A: no striking features
a: no special abilities


You were on level 3 of the Dungeon.
You were not hungry.

You visited 1 branch of the dungeon, and saw 3 of its levels.

You collected 166 gold pieces.

Inventory:

Hand weapons
 a - a +0 dagger
 g - a +0 hunting sling
Missiles
 b - 16 stones (in hand) {=f}
 v - 13 steel sling bullets
Armour
 c - a +0 robe
 j - a +0 leather armour (worn)
 w - a +0 pair of gloves (worn)
Jewellery
 q - a +1 ring of evasion (left hand)
Magical devices
 o - a wand of magic darts (34)
 u - a wand of magic darts (10)
Scrolls
 l - a scroll of remove curse
 r - 2 scrolls of noise
Potions
 k - 2 potions of curing {unknown}
 m - 2 potions of haste {unknown}
 n - a potion of confusion {unknown}
 p - 2 potions of mutation {unknown}
 s - a potion of might {unknown}
 x - a potion of heal wounds {unknown}
Books
 d - a book of Geomancy

   Spells                             Type                      Level
   *Sandblast                         Earth                        1
   *Stoneskin                         Transmutation/Earth          2
   Passwall                           Transmutation/Earth          3
   *Stone Arrow                       Conjuration/Earth            3
   Petrify                            Transmutation/Earth          4
   Lee's Rapid Deconstruction         Earth                        5
 y - a book of the Warp

   Spells                             Type                      Level
   Control Teleport                   Charms/Translocation         4
   Phase Shift                        Translocation                5
   Warp Weapon                        Charms/Translocation         5
   Dispersal                          Translocation                6
   Controlled Blink                   Translocation                7
   Disjunction                        Translocation                8
Comestibles
 e - 2 bread rations
 f - 5 chunks of flesh
 h - 2 meat rations
 i - 3 fruits
 t - a beef jerky


   Skills:
 - Level 2.4 Dodging
 - Level 2.4 Stealth
 - Level 3.0 Spellcasting
 + Level 4.0 Conjurations
 - Level 1.1 Transmutations
 - Level 5.4 Earth Magic


You had 4 spell levels left.
You knew the following spells:

 Your Spells              Type           Power        Failure   Level  Hunger
a - Sandblast             Erth           ###...       1%          1    None
b - Stone Arrow           Conj/Erth      ###...       8%          3    ###....
o - Stoneskin             Trmt/Erth      ###.....     6%          2    ##.....


Dungeon Overview and Level Annotations

Branches:
Dungeon (3/15)

Altars:
Fedhas
Sif Muna

Annotations:
D:1 runed door


Message History

Press: ? - help, Shift-Dir - straight line, f/p - orc
Aim: an orc, wielding a whip and wearing a scale mail The rocky blast hits the orc.
You kill the orc!
Casting: Sandblast
Confirm with . or Enter, or press ? or * to list all spells.
Aiming: Sandblast
Press: ? - help, Shift-Dir - straight line, f - orc priest
Aim: an orc priest, wielding a flail and wearing a chain mail The rocky blast hits the orc priest.
The orc priest is moderately wounded.
Casting: Sandblast
Confirm with . or Enter, or press ? or * to list all spells.
Aiming: Sandblast
Press: ? - help, Shift-Dir - straight line, f/p - orc priest
Aim: an orc priest, wielding a flail and wearing a chain mail (moderately wounded)
The rocky blast hits the orc priest.
The orc priest is moderately wounded.
The orc priest hits you with a flail!
You die...

▓▓▓▓▓▓▓▓▓▓▓
.........▓
▓▓▓▓▓▓▓▓▓.......▓
.....o..........▓
▓▓▓▓....▓o......▓
▓......▓e......▓
.o▓.▓▓▓▓.......▓
▓▓. ▓.......▓ .
▓.......▓
▓.).....▓
▓...)...▓
▓▓▓▓%▓▓▓▓ ▓.▓ ▓.▓


You could see an orc priest.

Vanquished Creatures
  An orc priest (D:3)
  An orc wizard (D:3)
  6 adders
  A giant mite (D:1)
  A worm (D:3)
  3 giant geckos
  4 oozes
  2 orcs (D:3)
  3 bats
  10 giant cockroaches
  5 goblins
  9 hobgoblins
  9 jackals
  A quokka (D:3)
  5 giant newts
  9 kobolds
  14 rats
84 creatures vanquished.

Notes
Turn   | Place    | Note
--------------------------------------------------------------
     0 | D:1      | utis, the Deep Elf Earth Elementalist, began the quest for the Orb.
     0 | D:1      | Reached XP level 1. HP: 10/10 MP: 5/5
     1 | D:1      | Found a runed door.
   206 | D:1      | Reached XP level 2. HP: 15/15 MP: 4/8
   245 | D:1      | Learned a level 2 spell: Stoneskin
   279 | D:1      | Reached skill level 4 in Earth Magic
  1109 | D:1      | Reached XP level 3. HP: 19/19 MP: 8/10
  1130 | D:1      | Learned a level 3 spell: Stone Arrow
  1814 | D:1      | Reached skill level 5 in Earth Magic
  2238 | D:2      | Reached XP level 4. HP: 24/24 MP: 10/13
  2512 | D:2      | Reached skill level 1 in Conjurations
  2948 | D:2      | Found a deep blue altar of Sif Muna.
  3568 | D:3      | Reached XP level 5. HP: 28/28 MP: 14/16
  3601 | D:3      | Found a blossoming altar of Fedhas.
  3810 | D:3      | Slain by an orc priest

Action                   |  1- 3 |  4- 6 || total
-------------------------+-------+-------++-------
Melee: Dagger            |     4 |     4 ||     8
Throw: Stone             |     1 |       ||     1
 Cast: Sandblast         |    87 |    87 ||   174
  Use: Scroll            |       |     6 ||     6
  Eat: Chunk             |     4 |     5 ||     9
